| TOP OF THE 1ST |
|
Fresno State University Bulldogs batting - Pitching for University of North Carolina at Chapel Hill Tar Heels : RHP Josh Reynolds
|
|
Pitching: RHP Josh Reynolds
|
|
|
Batting: RHB Janne Vihko
|
0-0: Bunt for hit to 2R - play at first, batter OUT! 2-3
|
|
Batting: RHB Wali Mulogo
|
0-0: Ball 1-0: Ball 2-0: Called Strike 2-1: Foul Ball, location: 2F 2-2: Strikes out swinging
|
|
Batting: RHB Tommy Tracy
|
0-0: Ball 1-0: Swinging Strike 1-1: Ground out 6-3 (Groundball, 56, EV 106.3 MPH)
|
| Top of the 1st over - 0 runs, 0 hits, 0 errors, 0 left on base; Fresno State University 0 - University of North Carolina at Chapel Hill 0 |
| BOTTOM OF THE 1ST |
|
University of North Carolina at Chapel Hill Tar Heels batting - Pitching for Fresno State University Bulldogs : RHP Josh Sebok
|
|
Pitching: RHP Josh Sebok
|
|
|
Batting: RHB David McDonald
|
0-0: Called Strike 0-1: SOLO HOME RUN (Flyball, 9LD, EV 91.3 MPH), Distance : 342 ft
|
|
Batting: RHB Aaron Stout
|
0-0: Ball 1-0: Ground out 5-3 (Groundball, 56, EV 98.1 MPH)
|
|
Batting: LHB Jason Raker
|
0-0: Called Strike 0-1: Ground out U3 (Groundball, 3, EV 84.4 MPH)
|
|
Batting: RHB Kazushige Hasegawa
|
0-0: Called Strike 0-1: Swinging Strike 0-2: Ball 1-2: Ball 2-2: Strikes out swinging
|
| Bottom of the 1st over - 1 run, 1 hit, 0 errors, 0 left on base; Fresno State University 0 - University of North Carolina at Chapel Hill 1 |
| TOP OF THE 2ND |
|
Fresno State University Bulldogs batting - Pitching for University of North Carolina at Chapel Hill Tar Heels : RHP Josh Reynolds
|
|
Batting: LHB Mike Roberts
|
0-0: Called Strike 0-1: Foul Ball, location: 2F 0-2: Strikes out looking
|
|
Batting: RHB Phil Hamby
|
0-0: Ball 1-0: Fly out, F8 (Flyball, 78M, EV 88.1 MPH)
|
|
Batting: RHB Ryan Miller
|
0-0: Fly out, F8 (Flyball, 8RM, EV 88.8 MPH)
|
| Top of the 2nd over - 0 runs, 0 hits, 0 errors, 0 left on base; Fresno State University 0 - University of North Carolina at Chapel Hill 1 |
| BOTTOM OF THE 2ND |
|
University of North Carolina at Chapel Hill Tar Heels batting - Pitching for Fresno State University Bulldogs : RHP Josh Sebok
|
|
Batting: RHB Travis Robinson
|
0-0: Ball 1-0: Called Strike 1-1: Ball 2-1: Called Strike 2-2: Foul Ball, location: 2F 2-2: Ball 3-2: Strikes out swinging
|
|
Batting: RHB Chris Skaff
|
0-0: Called Strike 0-1: Swinging Strike 0-2: Ball 1-2: Strikes out swinging
|
|
Batting: RHB Sam Daw
|
0-0: Ball 1-0: Foul Ball, location: 2F 1-1: Hit by Pitch
|
|
Batting: RHB Jonathan Livingston
|
0-0: Swinging Strike 0-1: DOUBLE (Line Drive, 8LXD, EV 110.6 MPH) Sam Daw to third Runner from 3rd tries for Home, SAFE, throw by CF to home
|
|
Batting: RHB Norm Wood
|
0-0: Ball 1-0: Foul Ball, location: 2F 1-1: Swinging Strike 1-2: Foul Ball, location: 2F 1-2: Ground out 4-3 (Groundball, 4S, EV 74.4 MPH)
|
| Bottom of the 2nd over - 1 run, 1 hit, 0 errors, 1 left on base; Fresno State University 0 - University of North Carolina at Chapel Hill 2 |
| TOP OF THE 3RD |
|
Fresno State University Bulldogs batting - Pitching for University of North Carolina at Chapel Hill Tar Heels : RHP Josh Reynolds
|
|
Batting: SHB Jay Rook
|
0-0: Ball 1-0: DOUBLE (Line Drive, 3D, EV 93.8 MPH)
|
|
Batting: LHB Vinny Rivera
|
0-0: Ball 1-0: Swinging Strike 1-1: Ball 2-1: Ball 3-1: Foul Ball, location: 2F 3-2: Strikes out looking
|
|
Batting: SHB Andres Agudo
|
0-0: Ball 1-0: Called Strike 1-1: Swinging Strike 1-2: Strikes out swinging
|
|
Batting: RHB Janne Vihko
|
0-0: Swinging Strike 0-1: Called Strike 0-2: Ball 1-2: Strikes out swinging
|
| Top of the 3rd over - 0 runs, 1 hit, 0 errors, 1 left on base; Fresno State University 0 - University of North Carolina at Chapel Hill 2 |
| BOTTOM OF THE 3RD |
|
University of North Carolina at Chapel Hill Tar Heels batting - Pitching for Fresno State University Bulldogs : RHP Josh Sebok
|
|
Batting: RHB David McDonald
|
0-0: Ball 1-0: Ground out 4-3 (Groundball, 4, EV 82.5 MPH)
|
|
Batting: RHB Aaron Stout
|
0-0: Swinging Strike 0-1: Swinging Strike 0-2: SINGLE (Groundball, 6MS, EV 85.0 MPH) (infield hit)
|
|
Batting: LHB Jason Raker
|
0-0: Called Strike 0-1: Foul Ball, location: 2F 0-2: Ball 1-2: DOUBLE (Line Drive, 78D, EV 103.8 MPH) Aaron Stout to third
|
|
Batting: RHB Kazushige Hasegawa
|
0-0: Ball 1-0: Foul Ball, location: 2F 1-1: Ball 2-1: Ball 3-1: 3-RUN HOME RUN (Flyball, 78XD, EV 111.9 MPH), Distance : 444 ft
|
|
Batting: RHB Travis Robinson
|
0-0: Ball 1-0: Swinging Strike 1-1: Ball 2-1: Ball 3-1: Reached on error, E6 (Groundball, 56, EV 105.6 MPH)
|
|
Batting: RHB Chris Skaff
|
0-0: Fly out, F9 (Flyball, 89D, EV 91.3 MPH)
|
|
Batting: RHB Sam Daw
|
0-0: Called Strike 0-1: Ball 1-1: Foul Ball, location: 2F 1-2: Foul Ball, location: 2F 1-2: Ball 2-2: Foul Ball, location: 2F 2-2: Ball 3-2: 2-RUN HOME RUN (Flyball, 7D, EV 98.1 MPH), Distance : 401 ft
|
|
Pitching: LHP David Ayala
|
|
|
Batting: RHB Jonathan Livingston
|
0-0: Foul Ball, location: 2F 0-1: Ball 1-1: DOUBLE (Flyball, 8RXD, EV 102.5 MPH)
|
|
Batting: RHB Norm Wood
|
0-0: Called Strike 0-1: Ball 1-1: Foul Ball, location: 2F 1-2: Foul Ball, location: 2F 1-2: Ball 2-2: Foul Ball, location: 2F 2-2: Ball 3-2: Base on Balls
|
|
Batting: RHB David McDonald
|
0-0: Foul Ball, location: 2F 0-1: Swinging Strike 0-2: Ball 1-2: 3-RUN HOME RUN (Line Drive, 7D, EV 115.0 MPH), Distance : 425 ft
|
|
Batting: RHB Aaron Stout
|
0-0: Called Strike 0-1: Ball 1-1: Foul Ball, location: 2F 1-2: Foul Ball, location: 2F 1-2: SINGLE (Groundball, 4MD, EV 94.4 MPH)
|
|
Batting: LHB Jason Raker
|
0-0: Ball 1-0: SINGLE (Line Drive, 34, EV 98.1 MPH) Aaron Stout to second
|
|
Batting: RHB Kazushige Hasegawa
|
0-0: Fly out, F8 (Flyball, 78XD, EV 100.6 MPH)
|
| Bottom of the 3rd over - 8 runs, 8 hits, 1 error, 2 left on base; Fresno State University 0 - University of North Carolina at Chapel Hill 10 |
| TOP OF THE 4TH |
|
Fresno State University Bulldogs batting - Pitching for University of North Carolina at Chapel Hill Tar Heels : RHP Josh Reynolds
|
|
Batting: RHB Wali Mulogo
|
0-0: Swinging Strike 0-1: Swinging Strike 0-2: SOLO HOME RUN (Flyball, 89XD, EV 105.6 MPH), Distance : 414 ft
|
|
Batting: RHB Tommy Tracy
|
0-0: Called Strike 0-1: Called Strike 0-2: Ball 1-2: Strikes out swinging
|
|
Batting: LHB Mike Roberts
|
0-0: Ball 1-0: Ball 2-0: Called Strike 2-1: Ball 3-1: Foul Ball, location: 2F 3-2: Foul Ball, location: 2F 3-2: Foul Ball, location: 2F 3-2: Ground out 4-3 (Groundball, 34D, EV 79.4 MPH)
|
|
Batting: RHB Phil Hamby
|
0-0: Reached on error, E5 (Groundball, 5, EV 79.4 MPH)
|
|
Batting: RHB Ryan Miller
|
0-0: Called Strike 0-1: Ball 1-1: Fly out, F3 (Popup, 23F, EV 88.1 MPH)
|
| Top of the 4th over - 1 run, 1 hit, 1 error, 1 left on base; Fresno State University 1 - University of North Carolina at Chapel Hill 10 |
| BOTTOM OF THE 4TH |
|
University of North Carolina at Chapel Hill Tar Heels batting - Pitching for Fresno State University Bulldogs : LHP David Ayala
|
|
Batting: RHB Travis Robinson
|
0-0: Called Strike 0-1: Called Strike 0-2: Ball 1-2: Strikes out swinging
|
|
Batting: RHB Chris Skaff
|
0-0: Swinging Strike 0-1: Ball 1-1: Foul Ball, location: 2F 1-2: Strikes out swinging
|
|
Batting: RHB Sam Daw
|
0-0: Foul Ball, location: 2F 0-1: Foul Ball, location: 2F 0-2: Ball 1-2: Ball 2-2: Strikes out swinging
|
| Bottom of the 4th over - 0 runs, 0 hits, 0 errors, 0 left on base; Fresno State University 1 - University of North Carolina at Chapel Hill 10 |
| TOP OF THE 5TH |
|
Fresno State University Bulldogs batting - Pitching for University of North Carolina at Chapel Hill Tar Heels : RHP Josh Reynolds
|
|
Pitching: RHP Bryan Szydlowski
|
|
|
Batting: SHB Jay Rook
|
0-0: SINGLE (Groundball, 34D, EV 95.6 MPH)
|
|
Batting: LHB Vinny Rivera
|
0-0: Foul Ball, location: 2F 0-1: Called Strike 0-2: Ball 1-2: Fly out, F8 (Line Drive, 8LD, EV 98.1 MPH)
|
|
Batting: SHB Andres Agudo
|
0-0: Ball 1-0: Swinging Strike 1-1: Swinging Strike 1-2: Strikes out looking
|
|
Batting: RHB Janne Vihko
|
0-0: Called Strike 0-1: Ball 1-1: Foul Ball, location: 2F 1-2: Ball 2-2: Foul Ball, location: 2F 2-2: Foul Ball, location: 2F 2-2: Foul Ball, location: 2F 2-2: Foul Ball, location: 2F 2-2: Strikes out swinging
|
| Top of the 5th over - 0 runs, 1 hit, 0 errors, 1 left on base; Fresno State University 1 - University of North Carolina at Chapel Hill 10 |
| BOTTOM OF THE 5TH |
|
University of North Carolina at Chapel Hill Tar Heels batting - Pitching for Fresno State University Bulldogs : LHP David Ayala
|
|
Batting: RHB Jonathan Livingston
|
0-0: Ball 1-0: Called Strike 1-1: Foul Ball, location: 2F 1-2: Foul Ball, location: 2F 1-2: Ball 2-2: Foul Ball, location: 2F 2-2: Foul Ball, location: 2F 2-2: Ball 3-2: Fly out, F5 (Line Drive, 5, EV 71.9 MPH)
|
|
Batting: RHB Norm Wood
|
0-0: Fly out, F9 (Flyball, 89D, EV 108.1 MPH)
|
|
Pinch Hitting: RHB Mark Austen
|
0-0: Called Strike 0-1: Swinging Strike 0-2: Ball 1-2: Foul Ball, location: 2F 1-2: Strikes out swinging
|
| Bottom of the 5th over - 0 runs, 0 hits, 0 errors, 0 left on base; Fresno State University 1 - University of North Carolina at Chapel Hill 10 |
| TOP OF THE 6TH |
|
Fresno State University Bulldogs batting - Pitching for University of North Carolina at Chapel Hill Tar Heels : RHP Bryan Szydlowski
|
|
Now at 2B: Mark Austen
|
|
|
Batting: RHB Wali Mulogo
|
0-0: Ball 1-0: Foul Ball, location: 2F 1-1: Foul Ball, location: 2F 1-2: Strikes out swinging
|
|
Batting: RHB Tommy Tracy
|
0-0: Called Strike 0-1: Foul Ball, location: 2F 0-2: Foul Ball, location: 2F 0-2: Ball 1-2: Ball 2-2: Ball 3-2: Base on Balls
|
|
Batting: LHB Mike Roberts
|
0-0: Ball 1-0: Swinging Strike 1-1: Called Strike 1-2: Strikes out looking
|
|
Batting: RHB Phil Hamby
|
0-0: Ball Wild Pitch! Tommy Tracy to second 1-0: Ground out 5-3 (Groundball, 5L, EV 83.8 MPH)
|
| Top of the 6th over - 0 runs, 0 hits, 0 errors, 1 left on base; Fresno State University 1 - University of North Carolina at Chapel Hill 10 |
| BOTTOM OF THE 6TH |
|
University of North Carolina at Chapel Hill Tar Heels batting - Pitching for Fresno State University Bulldogs : LHP David Ayala
|
|
Pitching: RHP David Alferez
|
|
|
Pinch Hitting: RHB Mike Kirkland
|
0-0: Ball 1-0: Called Strike 1-1: Fly out, F7 (Flyball, 78D, EV 83.8 MPH)
|
|
Pinch Hitting: RHB George Boivin
|
0-0: Ball 1-0: Ball 2-0: Ball 3-0: Called Strike 3-1: Swinging Strike 3-2: Ground out U3 (Groundball, 3, EV 89.4 MPH)
|
|
Batting: RHB Guo Kwok
|
0-0: Ball 1-0: Ball 2-0: Ball 3-0: Called Strike 3-1: Base on Balls
|
|
Batting: RHB Travis Robinson
|
0-0: Ball 1-0: Called Strike 1-1: Swinging Strike 1-2: Ball 2-2: Ball 3-2: Strikes out looking
|
| Bottom of the 6th over - 0 runs, 0 hits, 0 errors, 1 left on base; Fresno State University 1 - University of North Carolina at Chapel Hill 10 |
| TOP OF THE 7TH |
|
Fresno State University Bulldogs batting - Pitching for University of North Carolina at Chapel Hill Tar Heels : RHP Bryan Szydlowski
|
|
Now at 1B: Andy Baumhardt
|
|
|
Now in LF: George Boivin
|
|
|
Batting: RHB Ryan Miller
|
0-0: Called Strike 0-1: SINGLE (Line Drive, 8RS, EV 102.5 MPH)
|
|
Pitching: RHP Nate Vandergriff
|
|
|
Batting: SHB Jay Rook
|
0-0: Called Strike 0-1: Foul Ball, location: 2F 0-2: Strikes out swinging
|
|
Batting: LHB Vinny Rivera
|
0-0: Swinging Strike 0-1: Called Strike 0-2: Ball 1-2: Ball 2-2: Strikes out swinging
|
|
Batting: SHB Andres Agudo
|
0-0: Ball 1-0: Ball 2-0: Foul Ball, location: 2F 2-1: Ball 3-1: Foul Ball, location: 2F 3-2: Base on Balls Ryan Miller to second
|
|
Pinch Hitting: RHB Andrew Pride
|
0-0: Fly out, F8 (Flyball, 8LS, EV 92.5 MPH)
|
| Top of the 7th over - 0 runs, 1 hit, 0 errors, 2 left on base; Fresno State University 1 - University of North Carolina at Chapel Hill 10 |
| BOTTOM OF THE 7TH |
|
University of North Carolina at Chapel Hill Tar Heels batting - Pitching for Fresno State University Bulldogs : RHP David Alferez
|
|
Now in LF: Andrew Pride
|
|
|
Now in CF: Vinny Rivera
|
|
|
Batting: RHB Chris Skaff
|
0-0: Ball 1-0: Called Strike 1-1: Foul Ball, location: 2F 1-2: Foul Ball, location: 2F 1-2: Ground out 6-3 (Groundball, 6S, EV 79.4 MPH)
|
|
Batting: RHB Sam Daw
|
0-0: DOUBLE (Line Drive, 78M, EV 111.3 MPH)
|
|
Batting: RHB Jonathan Livingston
|
0-0: Ball 1-0: Foul Ball, location: 2F 1-1: Foul Ball, location: 2F 1-2: Ball 2-2: Strikes out swinging
|
|
Pinch Hitting: RHB Akira Kubo
|
0-0: Called Strike 0-1: Ball 1-1: Called Strike 1-2: Ball 2-2: Strikes out swinging
|
| Bottom of the 7th over - 0 runs, 1 hit, 0 errors, 1 left on base; Fresno State University 1 - University of North Carolina at Chapel Hill 10 |
| TOP OF THE 8TH |
|
Fresno State University Bulldogs batting - Pitching for University of North Carolina at Chapel Hill Tar Heels : RHP Nate Vandergriff
|
|
Now at SS: Akira Kubo
|
|
|
Batting: RHB Juan Gallegos
|
0-0: Ball 1-0: Swinging Strike 1-1: Swinging Strike 1-2: Foul Ball, location: 2F 1-2: Foul Ball, location: 2F 1-2: Strikes out looking
|
|
Pinch Hitting: SHB Jack Tierney
|
0-0: Fly out, F7 (Flyball, 7, EV 79.4 MPH)
|
|
Batting: LHB Mike Roberts
|
0-0: Ball 1-0: Called Strike 1-1: SOLO HOME RUN (Line Drive, 9D, EV 101.3 MPH), Distance : 386 ft
|
|
Batting: RHB Phil Hamby
|
0-0: Foul Ball, location: 2F 0-1: Ball 1-1: Ground out 4-3 (Groundball, 4, EV 90.0 MPH)
|
| Top of the 8th over - 1 run, 1 hit, 0 errors, 0 left on base; Fresno State University 2 - University of North Carolina at Chapel Hill 10 |
| BOTTOM OF THE 8TH |
|
University of North Carolina at Chapel Hill Tar Heels batting - Pitching for Fresno State University Bulldogs : RHP David Alferez
|
|
Now in RF: Jack Tierney
|
|
|
Batting: RHB Mark Austen
|
0-0: Ground out 6-3 (Groundball, 6, EV 106.3 MPH)
|
|
Batting: RHB Andy Baumhardt
|
0-0: Called Strike 0-1: Ball 1-1: Ground out 5-3 (Groundball, 56, EV 83.1 MPH)
|
|
Batting: RHB George Boivin
|
0-0: Ball 1-0: Foul Ball, location: 2F 1-1: Foul Ball, location: 2F 1-2: Ball 2-2: Strikes out looking
|
| Bottom of the 8th over - 0 runs, 0 hits, 0 errors, 0 left on base; Fresno State University 2 - University of North Carolina at Chapel Hill 10 |
| TOP OF THE 9TH |
|
Fresno State University Bulldogs batting - Pitching for University of North Carolina at Chapel Hill Tar Heels : RHP Nate Vandergriff
|
|
Batting: RHB Ryan Miller
|
0-0: Foul Ball, location: 2F 0-1: Ground out 6-3 (Groundball, 6, EV 110.0 MPH)
|
|
Batting: SHB Jay Rook
|
0-0: Ball 1-0: Foul Ball, location: 2F 1-1: Foul Ball, location: 2F 1-2: Foul Ball, location: 2F 1-2: Ball 2-2: Ball 3-2: DOUBLE (Groundball, 3L, EV 97.5 MPH)
|
|
Pitching: RHP Tom Howes
|
|
|
Pinch Runner at 2nd Todd Vanasco:
|
|
|
Pinch Hitting: RHB Tony Aguiar
|
0-0: Ball 1-0: Fly out, F9 (Line Drive, 9, EV 107.5 MPH)
|
|
Pinch Hitting: RHB Cale Fallon
|
0-0: Called Strike 0-1: Swinging Strike 0-2: Foul Ball, location: 2F 0-2: SINGLE (Groundball, 56D, EV 96.9 MPH) Todd Vanasco to third
|
|
Batting: RHB Andrew Pride
|
0-0: SINGLE (Line Drive, 4D, EV 97.5 MPH) Todd Vanasco scores Cale Fallon to second
|
|
Batting: RHB Juan Gallegos
|
0-0: Ball 1-0: Ball 2-0: Ball 3-0: Base on Balls Cale Fallon to third Andrew Pride to second
|
|
Pinch Hitting: RHB Miguel Velasco
|
0-0: Ball 1-0: Ball 2-0: Ball 3-0: Called Strike 3-1: Base on Balls Cale Fallon scores Andrew Pride to third Juan Gallegos to second
|
|
Batting: LHB Mike Roberts
|
0-0: Foul Ball, location: 2F 0-1: Called Strike 0-2: Hit by Pitch Andrew Pride scores Juan Gallegos to third Miguel Velasco to second
|
|
Pitching: LHP Ken Dewey
|
|
|
Pinch Hitting: SHB Javy Franco
|
0-0: Ground out 3-1 (Groundball, 34S, EV 83.1 MPH)
|
| Top of the 9th over - 3 runs, 3 hits, 0 errors, 3 left on base; Fresno State University 5 - University of North Carolina at Chapel Hill 10 |
|